Map: Blood Boil LE

Players

thermy (uThermal) - Winner!

  • Race: Terran Terran
  • Spawn Location: 11:00

MaSa

  • Race: Terran Terran
  • Spawn Location: 5:00

Event: WCS Valencia 2017

VOD

Have the link to the VOD?

Description

Time

  • Played on: July 13, 2017, 1 p.m.
  • Length: 3:37

All games in this series

Show
View Real Time Build Order
Export as new Build Order

thermy Terran - Winner!

Build Orders:  

Get SALT Encoding   

  12  0:00  Unknown  
  12  0:01  SCV  
  13  0:15  Supply Depot  
  13  0:19  SCV  
  14  0:37  Barracks  
  14  0:43  Refinery  
  14  0:55  Barracks  
  14  1:00  SCV  
  15  1:12  SCV  
  15  1:13  Refinery  
  16  1:25  Reaper  
  16  1:26  SCV  
  18  1:42  Reaper  
  19  1:47  Orbital Command  
  19  1:57  Reaper  
  20  2:13  Supply Depot  
  20  2:14  Reaper  
  20  2:15  SCV  
  22  2:30  Reaper  
  22  2:34  Factory  
  23  2:46  Reaper  
  23  2:51  SCV  
  25  3:02  Reaper  
  25  3:33  Supply Depot  
Show
View Real Time Build Order
Export as new Build Order

MaSa Terran 

Build Orders:  

Get SALT Encoding   

  12  0:00  Unknown, SCV  
  13  0:12  SCV  
  14  0:18  Supply Depot  
  14  0:24  SCV  
  15  0:39  SCV  
  15  0:41  Barracks  
  16  0:45  Refinery  
  16  0:51  SCV  
  17  1:03  Barracks  
  17  1:06  SCV  
  19  1:18  SCV  
  19  1:29  Reaper  
  20  1:33  Refinery  
  20  1:35  Orbital Command  
  20  1:48  Barracks  
  20  1:52  Reaper  
  21  2:02  Supply Depot  
  21  2:08  SCV  
  21  2:12  Reaper  
  23  2:23  SCV  
  23  2:26  Reaper  
  25  2:36  Supply Depot  
  24  2:37  Reaper  
  24  2:44  Reaper  
  23  2:58  Reaper  
Tags
 
Add a new tag
Caveats
  • Supply blocks, unpowered buildings, or Contaminate may cause inaccurate times.
  • Supply counts are checked every 10 seconds.